 Dungeon Crawl Stone Soup version 0.27-a0-1595-g0b823d0a13 (webtiles) character file.

Game seed: 3206478974189847095

410 flotson the Sneak (level 6, -6/48 HPs)
             Began as a Demonspawn Delver on July 20, 2021.
             Mangled by a kobold brigand (7 damage)
             ... on level 4 of the Dungeon.
             The game lasted 00:07:06 (5573 turns).

flotson the Sneak (Demonspawn Delver)               Turns: 5573, Time: 00:07:06

Health: -6/48      AC:  4    Str: 14    XL:     6   Next: 58%
Magic:  6/6        EV: 12    Int: 10    God:
Gold:   95         SH:  0    Dex: 12    Spells: 5/5 levels left

rFire    . . .     SeeInvis .   b - +0 arbalest
rCold    . . .     Faith    .   (shield currently unavailable)
rNeg     . . .     Spirit   .   s - +0 leather armour
rPois    .         Reflect  .   (helmet restricted)
rElec    .         Harm     .   (no cloak)
rCorr    .         Rampage  .   (no gloves)
Will     .....                  (no boots)
Stlth    ++........             (no amulet)
HPRegen  0.16/turn              (no ring)
MPRegen  0.10/turn              (no ring)

@: brilliant, flying, hasted, very quick
A: antennae 1, powered by pain 1, sharp scales 1, clumsy 1, dopey 1
a: no special abilities


You were on level 4 of the Dungeon.
You visited 1 branch of the dungeon, and saw 5 of its levels.

You collected 95 gold pieces.

Inventory:

Hand Weapons
 a - a +0 war axe
 b - a +0 arbalest (weapon)
Missiles
 r - 12 poisoned darts
 t - 4 bolts (quivered ammo)
 w - a curare-tipped dart
Armour
 s - a +0 leather armour (worn)
Jewellery
 o - an amulet of faith
 v - the ring "Ynnacsyeri" {rF+ Dex+8}
   (You took it off a kobold on level 4 of the Dungeon)

   [ring of protection from fire]

   Dex:       It affects your dexterity (+8).
   rF:        It protects you from fire.
Wands
 g - a wand of digging (3)
 h - a wand of iceblast (11)
Scrolls
 c - a scroll of fog
 d - a scroll of enchant weapon {unknown}
 e - 5 scrolls of identify {unknown}
 k - a scroll of summoning {unknown}
 l - a scroll of enchant armour {unknown}
 m - a scroll of vulnerability {unknown}
 n - 2 scrolls of teleportation {unknown}
 q - a scroll of amnesia {unknown}
Potions
 p - a potion of mutation
 u - a potion of berserk rage {unknown}


   Skills:
 + Level 4.3 Fighting
 + Level 3.3 Axes
 + Level 1.2 Throwing
 + Level 2.6 Armour
 + Level 3.3 Dodging
 - Level 4.5 Stealth
 + Level 1.5 Evocations


You had 5 spell levels left.
You didn't know any spells.
Your spell library contained the following spells:

 Spells                   Type           Power      Damage    Failure   Level
 Animate Skeleton         Necr           0%         N/A       43%         1
 Apportation              Tloc           0%         N/A       43%         1
 Corona                   Hex            0%         N/A       43%         1
 Magic Dart               Conj           0%         1d3       43%         1
 Summon Small Mammal      Summ           0%         N/A       43%         1
 Searing Ray              Conj           0%         3d3       56%         2
 Ozocubu's Armour         Ice            0%         N/A       80%         3
 Fulminant Prism          Conj/Hex       0%         3d6       99%         4
 Ozocubu's Refrigeration  Ice            0%         4d5       100%        7


Dungeon Overview and Level Annotations

Branches:
Dungeon (5/15)
 Temple: D:4-7

Altars:

Annotations:
D:4 Eustachio


Innate Abilities, Weirdness & Mutations

You have a pair of small antennae on your head.
You sometimes gain a little power by taking damage.
You are partially covered in razor-sharp scales. (AC +1, Slay +1)
You are clumsy. (Dex -2)
You are dopey. (Int -2)


Message History

You shoot a bolt.
The bolt hits the kobold brigand but does no damage.
The kobold brigand is heavily wounded.
You feel sick.
The kobold brigand hits you with a +0 whip.
The kobold hits you with a +0 club.
The kobold brigand hits you with a +0 whip.
You shoot a bolt.
The bolt closely misses the kobold brigand.
You feel sick. The kobold hits you with a +0 club.
The kobold brigand completely misses you.
A kobold brigand comes into view.
It is wielding a +0 dagger and quivering poisoned darts.
The kobold hits you with a +0 club.
The kobold brigand hits you with a +0 whip.
* * * LOW HITPOINT WARNING * * *
You are too injured to fight recklessly!
You feel yourself speed up.
You feel sick.
You are no longer poisoned.
The kobold hits you with a +0 club.
* * * LOW HITPOINT WARNING * * *
The kobold brigand hits you with a +0 whip!
* * * LOW HITPOINT WARNING * * *
It was a potion of mutation.
You feel extremely strange.
You feel clumsy.
You feel stupid. The kobold hits you with a +0 club.
* * * LOW HITPOINT WARNING * * *
Okay, then.
Unknown command.
It was a potion of brilliance.
You feel clever all of a sudden. The kobold brigand barely misses you.
The gnoll hits you from afar with a +0 spear.
* * * LOW HITPOINT WARNING * * *
The kobold hits you but does no damage.
Okay, then.
It was a potion of flight.
You feel very buoyant.
You fly up into the air.
The kobold brigand hits you with a +0 whip!
You die...

#### ######### ...# .#........
...#{ '.......
..(#########.......
.†..#(.........# ....')...).....#
....#..).......########.
...#########.....K...... ...#{
.....'....@Kg.K.(( )..#
.....#.......(.... #≈≈
((######################### #≈≈
....≈≈≈≈≈≈≈≈≈≈≈≈≈≈≈≈≈≈≈≈≈≈#####≈≈
...≈≈≈≈≈≈≈≈≈≈≈≈≈≈≈≈≈≈≈≈≈≈≈≈≈≈≈≈≈≈
....≈≈≈≈≈≈≈≈≈≈≈≈≈≈≈≈≈≈≈≈≈≈≈≈≈≈≈≈≈
...≈≈≈.≈.≈..≈≈.≈..≈.≈≈.≈≈≈≈≈.≈...
.................................
..............)..................


You could see 2 kobold brigands, a gnoll and a kobold.

Vanquished Creatures
  A kobold brigand (D:4)
  A scorpion (D:3)
  A jelly (D:3)
  2 hounds (D:4)
  A hound zombie (D:5)
  A hound skeleton (D:4)
  7 gnolls
  2 adders
  An adder skeleton (D:4)
  3 dart slugs (D:1)
  An orc (D:4)
  9 ball pythons
  2 bats
  2 endoplasms (D:1)
  2 giant cockroaches
  12 goblins
  3 jackals (D:2)
  2 quokkas (D:1)
  6 frilled lizards
  17 kobolds
  3 rats
79 creatures vanquished.

Vanquished Creatures (others)
  A plant (D:2)
1 creature vanquished.

Grand Total: 80 creatures vanquished

Notes
Turn   | Place    | Note
-------+----------+-------------------------------------------
     0 | D:5      | flotson the Demonspawn Delver began the quest for the Orb.
     0 | D:5      | Reached XP level 1. HP: 18/18 MP: 1/1
    28 | D:5      | Noticed a jelly
   261 | D:4      | Gained mutation: You are partially covered in razor-sharp
                  | scales. (AC +1, Slay +1) [demonic ancestry]
   261 | D:4      | Reached XP level 2. HP: 17/24 MP: 2/2
   369 | D:3      | Noticed a sky beast
   709 | D:1      | Reached skill level 1 in Armour
   710 | D:1      | Gained mutation: You sometimes gain a little power by
                  | taking damage. [demonic ancestry]
   710 | D:1      | Reached XP level 3. HP: 16/29 MP: 3/3
  2041 | D:2      | Gained mutation: You have a pair of small antennae on your
                  | head. [demonic ancestry]
  2041 | D:2      | Reached XP level 4. HP: 17/35 MP: 4/4
  2525 | D:2      | Found a faded altar of an unknown god.
  2696 | D:3      | Noticed a scorpion
  2708 | D:3      | Killed a scorpion
  3396 | D:3      | Reached XP level 5. HP: 42/42 MP: 5/5
  4268 | D:4      | Noticed Eustachio
  4947 | D:4      | Reached skill level 1 in Evocations
  5249 | D:5      | Reached XP level 6. HP: 32/48 MP: 6/6
  5396 | D:5      | Noticed an orc warrior
  5447 | D:4      | Reached skill level 1 in Throwing
  5478 | D:4      | Identified the ring "Ynnacsyeri" {rF+ Dex+8}
  5571 | D:4      | Gained mutation: You are clumsy. (Dex -2) [potion of
                  | mutation]
  5571 | D:4      | Gained mutation: You are dopey. (Int -2) [potion of
                  | mutation]
  5572 | D:4      | HP: 1/48 [gnoll (2)]
  5573 | D:4      | Mangled by a kobold brigand

Illustrated notes

Levels and vault maps discovered:
D:1:      dpeg_arrival_short_road, layout_basic
D:2:      layout_loops_corners, shapermc_ecumenical_altar_petra
D:3:      layout_loops_corners
D:4:      minmay_goblin_kobold_castle, layout_basic, tso_oasis_becter,
          uniq_eustachio
D:5:      layout_gridville, kennysheep_mini, vehumet_crystals,
          jmf_multi_god_temple, uniq_edmund

Skill      XL: |  1  2  3  4  5  6 |
---------------+-------------------+-----
Axes           | 2 3 |  3.3
Dodging        | 2 3 |  3.3
Armour         | 1 2 |  2.6
Fighting       | 4 |  4.3
Evocations     | 1 |  1.5
Throwing       | 1 |  1.2
Stealth        | |  4.5

Action                   |  1- 3 |  4- 6 || total
-------------------------+-------+-------++-------
Melee: Hand axe          |    88 |       ||    88
       War axe           |    43 |    91 ||   134
 Fire: Arbalest          |       |    31 ||    31
Throw: Dart              |       |    21 ||    21
Evoke: Wand              |       |     1 ||     1
  Use: Scroll            |     2 |       ||     2
       Potion            |       |     6 ||     6
 Stab: Sleeping          |     7 |     1 ||     8
Armor: Leather armour    |    59 |    31 ||    90
Dodge: Dodged            |   101 |    85 ||   186

Table legend: (Time is in decaauts)
 A = Elapsed time spent in this place.
 B = Non-inter-level travel time spent in this place.
 C = Inter-level travel time spent in this place.
 D = Time resting spent in this place.
 E = Time spent auto-exploring this place.
 F = Levels seen in this place.
 G = Mean time per level.
                   A        B        C        D        E       F      G
               +--------+--------+--------+--------+--------+-----+--------+
         Total |   5655 |   5453 |    202 |    496 |   3961 |   5 | 1131.0 |
       Dungeon |   5655 |   5453 |    202 |    496 |   3961 |   5 | 1131.0 |
               +--------+--------+--------+--------+--------+-----+--------+

Top non-repeatable levels by time:
     D:4: 1700 daAuts
     D:3: 1429 daAuts
     D:2: 1223 daAuts
     D:1: 1004 daAuts
     D:5: 296 daAuts
